Description

This build order is a Colossus / Void Macro playstyle.

VOD

https://youtu.be/aAU7JNF1Ajo

Replay - IIIIIIIIIIII v JoshuAndrè - Oxide LE

Build Order

Get SALT Encoding   

  12  0:00  Probe  
  13  0:12  Probe  
  14  0:17  Pylon  
  14  0:24  Probe (Chrono Boost)  
  16  0:37  Probe x2 (Chrono Boost)  
  16  0:38  Gateway  
  16  0:47  Assimilator  
  17  0:53  Probe  
  18  1:05  Probe (Chrono Boost)  
  19  1:15  Probe (Chrono Boost)  
  20  1:26  Zealot  
  20  1:30  Cybernetics Core  
  22  1:34  Pylon  
  22  1:35  Assimilator, Probe  
  23  1:52  Probe  
  24  2:05  Adept (Chrono Boost)  
  27  2:12  Shield Battery  
  27  2:22  Stargate  
  29  2:31  Adept  
  31  2:49  Pylon  
  31  2:55  Nexus  
  31  3:05  Oracle (Chrono Boost)  
  35  3:13  Warp Gate  
  36  3:26  Robotics Facility  
  37  3:35  Pylon  
  37  3:47  Void Ray (Chrono Boost)  
  38  3:55  Assimilator  
  44  4:22  Void Ray (Chrono Boost)  
  46  4:27  Shield Battery  
  52  4:44  Robotics Bay  
  53  4:51  Pylon  
  54  4:53  Assimilator  
  54  4:56  Observer (Chrono Boost)  
  57  5:04  Adept  
  61  5:33  Colossus (Chrono Boost)  
  69  5:44  Void Ray  
  69  5:47  Nexus  
  77  6:04  Extended Thermal Lance  
  76  6:11  Forge  
  76  6:16  Observer  
  78  6:20  Colossus (Chrono Boost)  
  84  6:29  Void Ray  
  84  6:30  Observer, Shield Battery  
  92  6:52  Protoss Ground Weapons Level 1 (Chrono Boost), Forge  
  94  7:02  Twilight Council  
  94  7:07  Colossus (Chrono Boost)  
  109  7:35  Gateway x2  
  109  7:36  Protoss Ground Armor Level 1 (Chrono Boost)  
  109  7:38  Charge (Chrono Boost)  
  109  7:42  Gateway x2  
  109  7:43  Sentry  
  113  7:59  Colossus (Chrono Boost)  
  119  8:13  Gateway  
  119  8:16  Zealot  
  121  8:20  Gateway  
  121  8:30  Gateway  
  121  8:31  Zealot x2  
  125  8:44  Zealot x3  
  119  8:53  Zealot  
  124  8:57  Shield Battery x2  
  124  9:02  Gateway  
  123  9:07  Zealot x2  
  140  9:33  Assimilator, Templar Archives  
  140  9:35  Nexus  
  140  9:38  Protoss Ground Weapons Level 2 (Chrono Boost)  
  140  9:39  Observer (Chrono Boost), Protoss Ground Armor Level 2 (Chrono Boost)  
  141  9:49  Void Ray  
Spawning Tool Build Advisor. Get it on Overwolf

Go to:

Details

  • Created by: zuka      
  • Published on: Oct 16, 2021
  • Patch: 4.11.0
  • Difficulty: Easy
Show
View Real Time Build Order
Export as new Build Order

Comments (1)

On Dec. 13, 2022, 7:29 a.m., Various  said:

Is there a English Vod, it is much easier for me on NA to work with English than French!

Create an account to comment!